 Dungeon Crawl Stone Soup version 0.28-a0-172-g787e458d71 (webtiles) character file.

Game seed: 7753044122036799583

35 wakim the Conjurer (level 3, -5/19 HPs)
             Began as a Deep Elf Conjurer on Aug 16, 2021.
             Killed from afar by Sigmund (9 damage)
             ... with a magic dart
             ... on level 2 of the Dungeon.
             The game lasted 00:04:13 (1740 turns).

wakim the Conjurer (Deep Elf Conjurer)              Turns: 1740, Time: 00:04:14

Health: -5/19      AC:  2    Str:  4 (5)  XL:     3   Next: 16%
Magic:  16/19      EV: 12    Int: 20 (22) God:
Gold:   81         SH:  0    Dex: 12 (13) Spells: 6/9 levels left

rFire   . . .      SeeInvis .   a - +0 dagger (speed)
rCold   . . .      Faith    .   (no shield)
rNeg    . . .      Spirit   .   e - +0 robe
rPois   .          Reflect  .   (no helmet)
rElec   .          Harm     .   (no cloak)
rCorr   .          Rampage  .   (no gloves)
Will    .....                   (no boots)
Stlth   +.........              (no amulet)
HPRegen 0.06/turn               g - ring of magical power
MPRegen 0.16/turn               (no ring)

@: confused, mighty, lethally poisoned (-5 -> -13)
A: no striking features
a: no special abilities


You were on level 2 of the Dungeon.
You visited 1 branch of the dungeon, and saw 2 of its levels.

You collected 81 gold pieces.

Inventory:

Hand Weapons
 a - a +0 dagger of speed (weapon)
Armour
 e - a +0 robe (worn)
Jewellery
 g - a ring of magical power (left hand)
Scrolls
 c - a scroll of identify {unknown}
Potions
 J - a potion of heal wounds


   Skills:
 - Level 2.4 Dodging
 - Level 2.4 Stealth
 + Level 3.7 Spellcasting
 * Level 5.2 Conjurations


You had 6 spell levels left.
You knew the following spells:

 Your Spells              Type           Power      Damage    Failure   Level
a - Magic Dart            Conj           96%        1d7       1%          1
s - Searing Ray           Conj           48%        3d5       2%          2

Your spell library contained the following spells:

 Spells                   Type           Power      Damage    Failure   Level
 Dazzling Flash           Conj/Hex       28%        N/A       14%         3
 Gell's Gravitas          Tloc           1%         N/A       36%         3
 Teleport Other           Tloc           3%         N/A       36%         3
 Fulminant Prism          Conj/Hex       7%         3d7       41%         4
 Iskenderun's Mystic Bla  Conj/Tloc      14%        2d5       41%         4
 Dispersal                Tloc           1%         N/A       100%        6


Dungeon Overview and Level Annotations

Branches:
Dungeon (2/15)

Altars:
Dithmenos

Shops:
D:2 [

Annotations:
D:2 Sigmund


Message History

You are confused.
Okay, then.
You're too confused to move!
You feel sick. Sigmund gestures at you while chanting. The magic dart hits you!
* * * LOW HITPOINT WARNING * * *
It was a potion of heal wounds.
You feel much better.
J - a potion of heal wounds You feel sick.
Sigmund gestures at you while chanting.
You are more confused.
It was a potion of might.
You feel very mighty all of a sudden.
N - a potion of might You feel sick.
Sigmund closely misses you.
You feel mightier all of a sudden.
You feel sick.
It was a potion of degeneration.
There was something very wrong with that liquid.
You feel weakened.
You feel dopey.
You feel clumsy.
You feel sick.
You are no longer poisoned.
Sigmund points at you and mumbles some strange words.
You are more confused.
Sigmund gestures at you while chanting. The magic dart hits you.
* * * LOW HITPOINT WARNING * * *
You bump into the rock wall.
Sigmund casts a spell.
Sigmund flickers and vanishes!
Deactivating autopickup; reactivate with Ctrl-A.
Something hits you.
* * * LOW HITPOINT WARNING * * *
You are lethally poisoned!
You bump into the rock wall.
* * * LOW HITPOINT WARNING * * *
You feel sick.
A magic dart appears from out of thin air!
The magic dart hits you!
You die...

#..######.#.## #.##.# #..#
##.## #.##.# #).# ###
#..#.# #.## ###### ##.#..#
# #[# #....# #.###.# # #.#
#.##.####.#..# #
...#####.#..........# #
............#####.### #
....#####@#...####.# #
.#............†....# #
#.#.....{..#...############
###########..............
###############


There were no monsters in sight!

Vanquished Creatures
  A bat (D:2)
  2 endoplasms (D:2)
  2 giant cockroaches (D:1)
  3 hobgoblins
  7 jackals
  2 ball pythons
  2 frilled lizards (D:1)
  4 goblins
  4 kobolds
  3 rats
30 creatures vanquished.

Vanquished Creatures (others)
  A kobold (D:1)
1 creature vanquished.

Grand Total: 31 creatures vanquished

Notes
Turn   | Place    | Note
-------+----------+-------------------------------------------
     0 | D:1      | wakim the Deep Elf Conjurer began the quest for the Orb.
     0 | D:1      | Reached XP level 1. HP: 10/10 MP: 6/6
   259 | D:1      | Reached XP level 2. HP: 15/15 MP: 1/8
   340 | D:1      | Learned a level 2 spell: Searing Ray
   800 | D:1      | Found a faded altar of an unknown god.
   860 | D:2      | Found a shadowy altar of Dithmenos.
   861 | D:2      | Found Kejodd's Antique Armour Emporium.
   890 | D:2      | Reached skill level 5 in Conjurations
  1269 | D:2      | Reached XP level 3. HP: 19/19 MP: 5/10
  1442 | D:2      | Noticed Sigmund
  1740 | D:2      | Killed from afar by Sigmund

Illustrated notes

Levels and vault maps discovered:
D:1:      dpeg_arrival_leaves_temple_mockup, layout_rooms,
          shapermc_ecumenical_altar_mp_vishouse, lemuel_old_faithful
D:2:      layout_loops_ring, basic_altar, serial_shops, shop,
          grunt_decor_one_mirror, dk_noncrumbling_3, uniq_sigmund

Skill      XL: |  1  2 |
---------------+-------+-----
Conjurations   | 5 |  5.2
Dodging        | |  2.4
Stealth        | |  2.4
Spellcasting   | |  3.7

Action                   || total
-------------------------++-------
 Cast: Magic Dart        ||    12
       Searing Ray       ||    19
  Use: Potion            ||     4
Armor: Robe              ||     1
Dodge: Dodged            ||     2

Table legend: (Time is in decaauts)
 A = Elapsed time spent in this place.
 B = Non-inter-level travel time spent in this place.
 C = Inter-level travel time spent in this place.
 D = Time resting spent in this place.
 E = Time spent auto-exploring this place.
 F = Levels seen in this place.
 G = Mean time per level.
                   A        B        C        D        E       F      G
               +--------+--------+--------+--------+--------+-----+--------+
         Total |   1739 |   1616 |    123 |     11 |   1438 |   2 |  869.5 |
       Dungeon |   1739 |   1616 |    123 |     11 |   1438 |   2 |  869.5 |
               +--------+--------+--------+--------+--------+-----+--------+

Top non-repeatable levels by time:
     D:2: 901 daAuts
     D:1: 838 daAuts
